[Event "African Games-chT 2019"]
[Site "Casablanca"]
[Date "2019.08.25"]
[Round "6.33"]
[White "Kourakoumba, Florent"]
[Black "Marie, Patrick"]
[Result "0-1"]
[ECO "B20"]
[WhiteElo "1677"]
[BlackElo "1921"]
[Annotator "NA"]
[PlyCount "90"]
[EventDate "2019.08.24"]
[EventType "team-tourn"]
[EventCountry "MAR"]
[SourceTitle "playchess.com"]
[Source "ChessBase"]
[SourceQuality "1"]
[WhiteTeam "CAF"]
[BlackTeam "Mauritius"]
[BlackTeamCountry "MRI"]
[TimeControl "900+10"]

1. e4 c5 2. Bc4 Nc6 3. c3 Nf6 4. d3 e6 5. Ne2 d5 6. exd5 exd5 7. Bb3 Be7 8. O-O O-O 9. Bg5 Bg4 10. f3 Bf5 11. Ng3 Bg6 12. h4 Qd6 13. Bxf6 Bxf6 14. f4 Bxh4 15. Qf3 c4 16. dxc4 dxc4 17. Bd1 Bd3 18. Rf2 Qg6 19. Nh1 Bxf2+ 20. Nxf2 Bxb1 21. Be2 Bd3 22. Bxd3 cxd3 23. Nxd3 Rad8 24. f5 Qd6 25. Nf4 Rfe8 26. Rf1 Qd2 27. Rf2 Qd1+ 28. Kh2 Qxf3 29. gxf3 Re5 30. f6 gxf6 31. Rg2+ Rg5 32. Rf2 Ne5 33. Nh3 Rh5 34. Kg3 Nd3 35. Re2 Rxh3+ 36. Kxh3 Nf4+ 37. Kg4 Nxe2 38. Kf5 Kg7 39. c4 Nd4+ 40. Ke4 h5 41. b4 h4 42. a4 h3 43. b5 h2 44. a5 h1=Q 45. b6 Qxf3# 0-1

[Event "African Games-chT 2019"]
[Site "Casablanca"]
[Date "2019.08.25"]
[Round "6.34"]
[White "Naipal, Hoolan"]
[Black "Koualet-Bebondi, Vianney Archeveq"]
[Result "1-0"]
[ECO "C41"]
[WhiteElo "1785"]
[BlackElo "1679"]
[Annotator "NA"]
[PlyCount "83"]
[EventDate "2019.08.24"]
[EventType "team-tourn"]
[EventCountry "MAR"]
[SourceTitle "playchess.com"]
[Source "ChessBase"]
[SourceQuality "1"]
[WhiteTeam "Mauritius"]
[BlackTeam "CAF"]
[WhiteTeamCountry "MRI"]
[TimeControl "900+10"]

1. e4 e5 2. Nf3 d6 3. d4 exd4 4. Nxd4 Bd7 5. Nc3 Be7 6. Be2 Nf6 7. O-O O-O 8. f4 c6 9. Bf3 Ne8 10. a4 Bf6 11. Kh1 Qb6 12. Nde2 Na6 13. g4 Qc7 14. g5 Bxc3 15. Nxc3 Be6 16. f5 Bc4 17. Rg1 f6 18. gxf6 Nxf6 19. Bf4 Rad8 20. Qd4 Bf7 21. Qxf6 Bh5 22. Qxg7+ Qxg7 23. Rxg7+ Kxg7 24. Bxh5 Nb4 25. Rg1+ Kh8 26. Rg2 Rg8 27. Bg5 Rdf8 28. h4 h6 29. Bxh6 Rxg2 30. Kxg2 Rg8+ 31. Bg6 Nxc2 32. Bf4 Ne1+ 33. Kg3 Nd3 34. Bxd6 Kg7 35. Ne2 Kf6 36. Nf4 Nxb2 37. e5+ Kg7 38. Ne6+ Kh8 39. Be7 Rc8 40. f6 Nd3 41. f7 Nxe5 42. Bf6# 1-0

[Event "African Games-chT 2019"]
[Site "Casablanca"]
[Date "2019.08.25"]
[Round "7.3"]
[White "Wafa, Shrook"]
[Black "Francis, Onkemetse"]
[Result "1-0"]
[ECO "C70"]
[WhiteElo "2183"]
[BlackElo "1792"]
[Annotator "ChessBase"]
[PlyCount "159"]
[EventDate "2019.08.24"]
[EventType "team-tourn"]
[EventCountry "MAR"]
[SourceTitle "playchess.com"]
[Source "ChessBase"]
[SourceQuality "1"]
[WhiteTeam "Egypt"]
[BlackTeam "Botswana"]
[WhiteTeamCountry "EGY"]
[BlackTeamCountry "BOT"]
[TimeControl "900+10"]

1. e4 e5 2. Nf3 Nc6 3. Bb5 a6 4. Ba4 Bc5 5. O-O b5 6. Bb3 Nf6 7. c3 d6 8. d4 exd4 9. cxd4 Ba7 10. h3 h6 11. Nc3 O-O 12. Bf4 Ne7 13. Re1 Ng6 14. Bh2 Bb7 15. e5 dxe5 16. Nxe5 Nxe5 17. dxe5 Nh7 18. Qg4 Qd2 19. Re2 Qg5 20. e6 fxe6 21. Bxe6+ Kh8 22. Bxc7 Rfe8 23. Qxg5 Nxg5 24. Bg4 Rxe2 25. Bxe2 Rf8 26. Rf1 Ne6 27. Bd6 Rd8 28. Rd1 Nd4 29. Rxd4 Bxd4 30. Bf4 Rc8 31. Nd1 Rc2 32. Bd3 Rc8 33. Kf1 Rf8 34. Bg3 Bd5 35. b3 Be6 36. Be4 Bf5 37. Bb7 Bc8 38. Be4 Re8 39. f3 Re7 40. Nf2 a5 41. Nd3 Bb7 42. Bf5 Rf7 43. Bg4 g6 44. Nf4 g5 45. Ne6 Bb2 46. Nd8 Re7 47. Bd6 Re3 48. Nxb7 Rd3 49. Bg3 Rd1+ 50. Ke2 Ra1 51. Nd6 Rxa2 52. Kd3 Bg7 53. Nxb5 Rxg2 54. Bc7 Ra2 55. Nc3 Ra3 56. Be6 Bf6 57. Na4 Kg7 58. Bxa5 Ra1 59. Bc7 Rd1+ 60. Ke2 Ra1 61. Nb6 Ra2+ 62. Ke3 Ra6 63. Bc4 Ra7 64. Nd5 Bb2 65. Ke4 Ra8 66. b4 Re8+ 67. Kd3 Be5 68. Bxe5+ Rxe5 69. b5 Kf8 70. b6 Re8 71. b7 Rb8 72. Ba6 Ke8 73. Ke4 Kd7 74. Nb4 Kc7 75. Nd5+ Kc6 76. Nf6 Rf8 77. Ke5 Rh8 78. Kf5 Kb6 79. Nd7+ Kxa6 80. b8=Q 1-0

[Event "African Games-chT 2019"]
[Site "Casablanca"]
[Date "2019.08.25"]
[Round "7.4"]
[White "Gabatshwarwe Refilwe"]
[Black "Wafa, Shahenda"]
[Result "0-1"]
[ECO "A80"]
[WhiteElo "1649"]
[BlackElo "2139"]
[Annotator "ChessBase"]
[PlyCount "108"]
[EventDate "2019.08.24"]
[EventType "team-tourn"]
[EventCountry "MAR"]
[SourceTitle "playchess.com"]
[Source "ChessBase"]
[SourceQuality "1"]
[WhiteTeam "Botswana"]
[BlackTeam "Egypt"]
[WhiteTeamCountry "BOT"]
[BlackTeamCountry "EGY"]
[TimeControl "900+10"]

1. d4 f5 2. Nf3 Nf6 3. Bf4 g6 4. h3 Bg7 5. e3 d6 6. c3 c6 7. Qb3 Qb6 8. Nbd2 Qxb3 9. axb3 Nd5 10. Bh2 Nd7 11. Be2 O-O 12. O-O N7f6 13. Rfe1 Kh8 14. Bd3 Bd7 15. Bc2 a6 16. Rad1 Rae8 17. Ra1 Nh5 18. Nc4 Nhf6 19. Ncd2 Rc8 20. e4 fxe4 21. Nxe4 Nxe4 22. Bxe4 Nf4 23. Bc2 Rce8 24. Ng5 e5 25. dxe5 Bxe5 26. Nf3 Nxh3+ 27. gxh3 Rxf3 28. Bxe5+ dxe5 29. Be4 Rxh3 30. Bg2 Rh4 31. Re3 Bf5 32. Rae1 e4 33. f3 Bh3 34. Bxh3 Rxh3 35. fxe4 Rxe3 36. Rxe3 Kg7 37. Kg2 Kf6 38. Kg3 Ke5 39. Re1 Rf8 40. Rh1 Rf7 41. Re1 h5 42. Kh4 Rf4+ 43. Kg5 Rg4+ 44. Kh6 Rxe4 45. Rd1 Rg4 46. Rd7 h4 47. Rd3 Rg3 48. Rd2 h3 49. Rh2 g5 50. Kh5 g4 51. Kh4 Rg2 52. Rh1 h2 53. Re1+ Kd6 54. Rh1 g3 0-1

[Event "African Games-chT 2019"]
[Site "Casablanca"]
[Date "2019.08.25"]
[Round "7.5"]
[White "Hamdouchi, Hicham"]
[Black "Bellahcene, Bilel"]
[Result "0-1"]
[ECO "C55"]
[WhiteElo "2562"]
[BlackElo "2550"]
[Annotator "ChessBase"]
[PlyCount "48"]
[EventDate "2019.08.24"]
[EventType "team-tourn"]
[EventCountry "MAR"]
[SourceTitle "playchess.com"]
[Source "ChessBase"]
[SourceQuality "1"]
[WhiteTeam "Morocco"]
[BlackTeam "Algeria"]
[WhiteTeamCountry "MAR"]
[BlackTeamCountry "ALG"]
[TimeControl "900+10"]

1. e4 e5 2. Nf3 Nc6 3. Bc4 Nf6 4. d3 h6 5. Nbd2 d6 6. Nf1 g6 7. h3 Bg7 8. Be3 O-O 9. Qd2 Kh7 10. N1h2 d5 11. exd5 Nxd5 12. Bxd5 Qxd5 13. Ng4 g5 14. Nxh6 Bxh6 15. h4 Bg7 16. hxg5+ Kg8 17. Rh4 Bf5 18. Rc4 Rad8 19. Rc5 Qd6 20. O-O-O Be6 21. Qe2 b6 22. Rc3 e4 23. Nd2 exd3 24. Qh5 Bf5 0-1

[Event "African Games-chT 2019"]
[Site "Casablanca"]
[Date "2019.08.25"]
[Round "7.6"]
[White "Arab, Adlane"]
[Black "Tissir, Mohamed"]
[Result "0-1"]
[ECO "A40"]
[WhiteElo "2485"]
[BlackElo "2379"]
[Annotator "ChessBase"]
[PlyCount "73"]
[EventDate "2019.08.24"]
[EventType "team-tourn"]
[EventCountry "MAR"]
[SourceTitle "playchess.com"]
[Source "ChessBase"]
[SourceQuality "1"]
[WhiteTeam "Algeria"]
[BlackTeam "Morocco"]
[WhiteTeamCountry "ALG"]
[BlackTeamCountry "MAR"]
[TimeControl "900+10"]

1. d4 e6 2. c4 c5 3. d5 exd5 4. cxd5 d6 5. Nc3 Ne7 6. g3 Ng6 7. Bg2 Be7 8. Nf3 O-O 9. O-O f5 10. a4 f4 11. Ne4 Na6 12. Bd2 Bf5 13. Nc3 Bd7 14. Ne1 Nb4 15. Ne4 a5 16. Bc3 Qc8 17. Nd3 Bh3 18. Bxb4 axb4 19. Rc1 Bxg2 20. Kxg2 Qf5 21. f3 fxg3 22. hxg3 Qxd5 23. b3 b6 24. Ndf2 Qe6 25. Nd2 d5 26. e4 dxe4 27. Ndxe4 Rad8 28. Qc2 Ne5 29. f4 Nc6 30. Rh1 h6 31. Rce1 Nd4 32. Qd1 Qxb3 33. Qh5 Qd5 34. Qg4 Rd6 35. Rh5 Qc6 36. Nd3 Nc2 37. Ra1 0-1

[Event "African Games-chT 2019"]
[Site "Casablanca"]
[Date "2019.08.25"]
[Round "7.7"]
[White "Mayar ElIdrissi, Firdaous"]
[Black "Nassr, Lina"]
[Result "0-1"]
[ECO "B40"]
[WhiteElo "1760"]
[BlackElo "1938"]
[Annotator "NA"]
[PlyCount "48"]
[EventDate "2019.08.24"]
[EventType "team-tourn"]
[EventCountry "MAR"]
[SourceTitle "playchess.com"]
[Source "ChessBase"]
[SourceQuality "1"]
[WhiteTeam "Morocco"]
[BlackTeam "Algeria"]
[WhiteTeamCountry "MAR"]
[BlackTeamCountry "ALG"]
[TimeControl "900+10"]

1. e4 c5 2. Nf3 e6 3. d4 cxd4 4. Nxd4 Nf6 5. Bd3 Nc6 6. Be3 e5 7. Nb3 d5 8. exd5 Nxd5 9. Bd2 Be7 10. O-O O-O 11. Nc3 Be6 12. Re1 Rc8 13. Ne4 Ncb4 14. Bxb4 Nxb4 15. Nc1 f5 16. Nc3 Qc7 17. a3 Nxd3 18. Nxd3 e4 19. Qe2 Bc4 20. Qe3 Bd6 21. Nb4 Bxh2+ 22. Kh1 Bf4 23. Qxa7 Rf6 24. Ne2 Bd2 0-1

[Event "African Games-chT 2019"]
[Site "Casablanca"]
[Date "2019.08.25"]
[Round "7.8"]
[White "Latreche, Sabrina"]
[Black "Rania, Sbai"]
[Result "1/2-1/2"]
[ECO "C54"]
[WhiteElo "2064"]
[BlackElo "1853"]
[Annotator "NA"]
[PlyCount "93"]
[EventDate "2019.08.24"]
[EventType "team-tourn"]
[EventCountry "MAR"]
[SourceTitle "playchess.com"]
[Source "ChessBase"]
[SourceQuality "1"]
[WhiteTeam "Algeria"]
[BlackTeam "Morocco"]
[WhiteTeamCountry "ALG"]
[BlackTeamCountry "MAR"]
[TimeControl "900+10"]

1. e4 e5 2. Nf3 Nc6 3. Bc4 Bc5 4. c3 Nf6 5. d4 exd4 6. cxd4 Bb4+ 7. Bd2 Bxd2+ 8. Nbxd2 d5 9. exd5 Nxd5 10. Qb3 Nce7 11. O-O O-O 12. Rfe1 c6 13. Ne4 Qb6 14. Qxb6 axb6 15. Nd6 Rd8 16. Nxc8 Raxc8 17. Re2 Nf5 18. Rae1 g6 19. g3 b5 20. Bd3 Nxd4 21. Nxd4 Nb4 22. Nxc6 bxc6 23. Bb1 Nd5 24. Kg2 Kg7 25. a3 Rc7 26. Ba2 Rcd7 27. Rc1 Ne7 28. Rc5 Kf6 29. Rcc2 Rd1 30. Bb3 R1d6 31. Re4 Nf5 32. Ba2 R8d7 33. Rce2 Rd2 34. g4 Rxe2 35. Rxe2 Nd4 36. Rd2 c5 37. Bb1 Re7 38. Bd3 Nb3 39. Rc2 c4 40. Bf1 Re1 41. a4 bxa4 42. Bxc4 Rb1 43. Re2 Rc1 44. Bxb3 axb3 45. Re3 Rc4 46. h3 Rb4 47. Kg3 1/2-1/2

[Event "African Games-chT 2019"]
[Site "Casablanca"]
[Date "2019.08.25"]
[Round "7.9"]
[White "Aderito, Pedro"]
[Black "Makoto, Rodwell"]
[Result "1/2-1/2"]
[ECO "D78"]
[WhiteElo "2301"]
[BlackElo "2373"]
[Annotator "ChessBase"]
[PlyCount "89"]
[EventDate "2019.08.24"]
[EventType "team-tourn"]
[EventCountry "MAR"]
[SourceTitle "playchess.com"]
[Source "ChessBase"]
[SourceQuality "1"]
[WhiteTeam "Angola"]
[BlackTeam "Zimbabwe"]
[WhiteTeamCountry "ANG"]
[BlackTeamCountry "ZIM"]
[TimeControl "900+10"]

1. d4 Nf6 2. Nf3 g6 3. g3 Bg7 4. Bg2 d5 5. O-O O-O 6. c4 c6 7. Nc3 dxc4 8. Ne5 Be6 9. e4 Nbd7 10. Nf3 Bg4 11. h3 Bxf3 12. Bxf3 e5 13. d5 cxd5 14. exd5 Ne8 15. d6 Nc5 16. Be3 Nd3 17. Bxb7 Rb8 18. Bg2 Nxd6 19. Bxa7 Rxb2 20. Na4 Rb4 21. a3 Rb3 22. Nc5 Nxc5 23. Bxc5 Rd3 24. Qa4 Qc7 25. Bb4 Rc8 26. Rac1 e4 27. Bxd6 Qxd6 28. Bxe4 Rxa3 29. Qd1 Qxd1 30. Rfxd1 Bb2 31. Rc2 Ra1 32. Rxa1 Bxa1 33. Ra2 Bd4 34. Kf1 f5 35. Ra8 Rxa8 36. Bxa8 Kg7 37. Bd5 c3 38. Bb3 Kf6 39. Ke2 Ke5 40. f3 h5 41. f4+ Kf6 42. Kf3 Bb6 43. Ke2 Bc7 44. Kf3 Bd6 45. g4 {[%emt 0:00:13] Ke5} 1/2-1/2

[Event "African Games-chT 2019"]
[Site "Casablanca"]
[Date "2019.08.25"]
[Round "7.10"]
[White "Mushore, Emarald Takudzwa"]
[Black "Silva, David"]
[Result "1-0"]
[ECO "C50"]
[WhiteElo "2198"]
[BlackElo "2239"]
[Annotator "ChessBase"]
[PlyCount "83"]
[EventDate "2019.08.24"]
[EventType "team-tourn"]
[EventCountry "MAR"]
[SourceTitle "playchess.com"]
[Source "ChessBase"]
[SourceQuality "1"]
[WhiteTeam "Zimbabwe"]
[BlackTeam "Angola"]
[WhiteTeamCountry "ZIM"]
[BlackTeamCountry "ANG"]
[TimeControl "900+10"]

1. e4 e5 2. Nf3 Nc6 3. Bc4 Nf6 4. d3 Bc5 5. c3 d6 6. O-O a6 7. a4 Ba7 8. Na3 h6 9. Nc2 O-O 10. Be3 d5 11. exd5 Nxd5 12. Bxa7 Rxa7 13. Ne3 Nf4 14. Re1 Ra8 15. Qc2 Qf6 16. Nd5 Qg6 17. Nxf4 exf4 18. Qd2 Bh3 19. g3 fxg3 20. hxg3 Rad8 21. d4 Qh5 22. Qf4 Rd6 23. Qh4 Qf5 24. Qe4 Qh5 25. Nh4 Bg4 26. Be2 Bxe2 27. Qxe2 Qg5 28. Qe3 Qd5 29. Ng2 Rf6 30. Nf4 Qg5 31. Rad1 Na5 32. Nd3 Qg6 33. Qe4 Qg5 34. Qe5 Qxe5 35. Rxe5 Nc6 36. Re3 Rd8 37. Rde1 Kf8 38. Nc5 g5 39. Nxb7 Rd5 40. Nc5 Na5 41. Re5 Rdd6 42. Ne4 1-0

[Event "African Games-chT 2019"]
[Site "Casablanca"]
[Date "2019.08.25"]
[Round "7.11"]
[White "Caxita, Esperanca"]
[Black "Shaba, Linda"]
[Result "1-0"]
[ECO "C02"]
[WhiteElo "1803"]
[BlackElo "1615"]
[Annotator "NA"]
[PlyCount "65"]
[EventDate "2019.08.24"]
[EventType "team-tourn"]
[EventCountry "MAR"]
[SourceTitle "playchess.com"]
[Source "ChessBase"]
[SourceQuality "1"]
[WhiteTeam "Angola"]
[BlackTeam "Zimbabwe"]
[WhiteTeamCountry "ANG"]
[BlackTeamCountry "ZIM"]
[TimeControl "900+10"]

1. e4 e6 2. d4 d5 3. e5 c5 4. c3 Nc6 5. Bb5 Qb6 6. Bxc6+ bxc6 7. Nf3 Ba6 8. Qb3 cxd4 9. Qxb6 axb6 10. cxd4 c5 11. Be3 Rc8 12. Nc3 cxd4 13. Nxd4 Bb4 14. Rc1 Ne7 15. a3 Bxc3+ 16. Rxc3 Rxc3 17. bxc3 Bc4 18. Kd2 Kd7 19. Rb1 Ra8 20. Rxb6 Kc7 21. Rb4 Rxa3 22. Rxc4+ dxc4 23. Nb5+ Kc6 24. Nxa3 Kd5 25. f4 f6 26. Bd4 f5 27. Nb5 Kc6 28. Nd6 h5 29. Nxc4 Kd5 30. Nd6 Nc6 31. Kd3 Na5 32. Ne8 Nc4 33. Nc7+ 1-0

[Event "African Games-chT 2019"]
[Site "Casablanca"]
[Date "2019.08.25"]
[Round "7.12"]
[White "Wakuruwarewa, Colletta"]
[Black "Pires, Luzia"]
[Result "1-0"]
[ECO "B50"]
[WhiteElo "1587"]
[BlackElo "1924"]
[Annotator "NA"]
[PlyCount "127"]
[EventDate "2019.08.24"]
[EventType "team-tourn"]
[EventCountry "MAR"]
[SourceTitle "playchess.com"]
[Source "ChessBase"]
[SourceQuality "1"]
[WhiteTeam "Zimbabwe"]
[BlackTeam "Angola"]
[WhiteTeamCountry "ZIM"]
[BlackTeamCountry "ANG"]
[TimeControl "900+10"]

1. e4 c5 2. Nf3 d6 3. c3 Nf6 4. d3 g6 5. h3 Bg7 6. Be3 O-O 7. Be2 Nc6 8. O-O Bd7 9. Nbd2 Rc8 10. Rc1 Qa5 11. Nc4 Qd8 12. Re1 a6 13. Ncd2 Qc7 14. Nf1 Nh5 15. N3d2 Nf6 16. Ng3 Rfe8 17. Nf3 Qd8 18. Qd2 b5 19. Bh6 Qa5 20. a3 Qb6 21. Qg5 Qd8 22. Nf5 Bxh6 23. Nxh6+ Kg7 24. Nf5+ Kh8 25. Nh6 Rf8 26. Qh4 Kg7 27. Ng5 e5 28. Bd1 Be6 29. Re3 Rc7 30. Rg3 Rh8 31. Kh2 Qe7 32. Kh1 Qd8 33. Kg1 Ng8 34. Nxe6+ fxe6 35. Qxd8 Nxd8 36. Ng4 Nc6 37. Rf3 h5 38. Ne3 Nf6 39. Bb3 Re8 40. Re1 Na5 41. Ba2 Rd7 42. Kh2 Nh7 43. h4 Nf6 44. Kg1 Nc6 45. Bb3 d5 46. exd5 exd5 47. Rg3 Kh7 48. Rg5 d4 49. cxd4 Rxd4 50. Bf7 Red8 51. Bxg6+ Kh8 52. Be4 Nxe4 53. dxe4 Rxe4 54. Rxh5+ Kg8 55. Rg5+ Kh8 56. Rh5+ Kg8 57. Rg5+ Kf7 58. f3 Rxh4 59. Ng4 Re8 60. Kf2 Rhh8 61. Nxe5+ Kf6 62. Rg6+ Kf5 63. g4+ Kf4 64. Re4# 1-0

[Event "African Games-chT 2019"]
[Site "Casablanca"]
[Date "2019.08.25"]
[Round "7.13"]
[White "Mesfin, Leykun"]
[Black "Zaibi, Amir"]
[Result "1/2-1/2"]
[ECO "B44"]
[WhiteElo "2151"]
[BlackElo "2367"]
[Annotator "ChessBase"]
[PlyCount "166"]
[EventDate "2019.08.24"]
[EventType "team-tourn"]
[EventCountry "MAR"]
[SourceTitle "playchess.com"]
[Source "ChessBase"]
[SourceQuality "1"]
[WhiteTeam "Ethiopia"]
[BlackTeam "Tunisia"]
[WhiteTeamCountry "ETH"]
[BlackTeamCountry "TUN"]
[TimeControl "900+10"]

1. e4 c5 2. Nf3 e6 3. d4 cxd4 4. Nxd4 Nc6 5. Nxc6 bxc6 6. Bd3 Nf6 7. O-O e5 8. c4 Bc5 9. Nc3 O-O 10. Bg5 h6 11. Bh4 d6 12. h3 Be6 13. Kh1 g5 14. Bg3 Kg7 15. Qe2 Qe7 16. Nd1 Rab8 17. Rb1 Bd4 18. b3 a5 19. Ne3 Qa7 20. Nf5+ Bxf5 21. exf5 a4 22. b4 a3 23. Qf3 Qa4 24. b5 cxb5 25. cxb5 Rfe8 26. Qc6 Rb6 27. Qc7 Qa8 28. Rbc1 Qb8 29. Rc6 Rxc6 30. Qxc6 Rc8 31. Qa6 Rc3 32. Rd1 Nd7 33. Bf1 Nc5 34. Qc6 Na4 35. Qd5 Rc5 36. Qb3 Nc3 37. Rc1 Ne4 38. Rxc5 Bxc5 39. f6+ Nxf6 40. f3 Nh5 41. Be1 Nf4 42. Bc4 Qa7 43. Qd1 Bd4 44. Bb4 d5 45. Bf1 Bc5 46. Be1 Qb7 47. g3 Ne6 48. Qd3 e4 49. fxe4 dxe4 50. Qc4 Bd4 51. Bg2 Qa8 52. Qc6 Qxc6 53. bxc6 f5 54. Bb4 Be5 55. g4 Kf6 56. gxf5 Kxf5 57. Bxa3 Nd8 58. Bc5 Nxc6 59. a4 Bc7 60. Bf1 Ba5 61. Kg2 Ne5 62. Ba6 Nd3 63. Bd4 Nf4+ 64. Kg3 h5 65. Bc8+ Kg6 66. Be3 Nd5 67. Bd4 h4+ 68. Kf2 Bd2 69. Bg4 Nf6 70. Be6 Nh5 71. Bd7 Nf4 72. Bb6 Nd5 73. a5 Nxb6 74. axb6 Bf4 75. b7 Kf6 76. Bc6 Bb8 77. Bxe4 Ke5 78. Kf3 Kf6 79. Bc6 Bc7 80. Ke4 Bb8 81. Kd5 g4 82. hxg4 Kg5 83. Ke6 Kxg4 1/2-1/2

[Event "African Games-chT 2019"]
[Site "Casablanca"]
[Date "2019.08.25"]
[Round "7.14"]
[White "Boudriga, Mohamed Ali"]
[Black "Gole, Habtamu Ashenafi"]
[Result "1-0"]
[ECO "A45"]
[WhiteElo "2325"]
[BlackElo "2046"]
[Annotator "ChessBase"]
[PlyCount "125"]
[EventDate "2019.08.24"]
[EventType "team-tourn"]
[EventCountry "MAR"]
[SourceTitle "playchess.com"]
[Source "ChessBase"]
[SourceQuality "1"]
[WhiteTeam "Tunisia"]
[BlackTeam "Ethiopia"]
[WhiteTeamCountry "TUN"]
[BlackTeamCountry "ETH"]
[TimeControl "900+10"]

1. d4 Nf6 2. Bf4 d5 3. e3 e6 4. Nd2 Be7 5. Bd3 Nbd7 6. h3 c5 7. c3 a6 8. Ngf3 O-O 9. O-O b5 10. Ne5 Bb7 11. Qf3 Rc8 12. a3 cxd4 13. exd4 Nxe5 14. Bxe5 Nd7 15. Bf4 Re8 16. Rfe1 Bf6 17. Qg3 Nf8 18. Nf3 Ng6 19. Bg5 Rf8 20. h4 Bxg5 21. Nxg5 Re8 22. Nxh7 Qxh4 23. Bxg6 Qxg3 24. fxg3 fxg6 25. Ng5 Rc6 26. Nf3 Rc7 27. Ne5 g5 28. Nd3 Rf7 29. g4 Bc8 30. Re5 a5 31. Rae1 Kh7 32. Rxg5 Ref8 33. Rge5 g6 34. R5e2 Kg7 35. Nc5 Re7 36. Re5 Rfe8 37. g5 Kf7 38. Rf1+ Kg7 39. Rf6 Rf8 40. Rxf8 Kxf8 41. Re3 Kg7 42. Kh2 Re8 43. Nd3 Re7 44. Ne5 Re8 45. Rf3 Rh8+ 46. Kg1 Rf8 47. Rxf8 Kxf8 48. Nxg6+ Kg7 49. Ne5 Ba6 50. Kf2 Bc8 51. Ke3 a4 52. Kf4 Kg8 53. g6 Kg7 54. Kg5 Bb7 55. Nd7 Bc6 56. Nf6 Bb7 57. Nh5+ Kg8 58. Kf6 Bc8 59. Nf4 Bd7 60. g7 Be8 61. Nxe6 Bf7 62. Nf4 Be8 63. Nxd5 1-0

[Event "African Games-chT 2019"]
[Site "Casablanca"]
[Date "2019.08.25"]
[Round "7.15"]
[White "Haile, Lidet Abate"]
[Black "Marzouk, Amira"]
[Result "1-0"]
[ECO "B72"]
[WhiteElo "1593"]
[BlackElo "1698"]
[Annotator "NA"]
[PlyCount "145"]
[EventDate "2019.08.24"]
[EventType "team-tourn"]
[EventCountry "MAR"]
[SourceTitle "playchess.com"]
[Source "ChessBase"]
[SourceQuality "1"]
[WhiteTeam "Ethiopia"]
[BlackTeam "Tunisia"]
[WhiteTeamCountry "ETH"]
[BlackTeamCountry "TUN"]
[TimeControl "900+10"]

1. e4 c5 2. Nf3 d6 3. d4 cxd4 4. Nxd4 Nf6 5. Nc3 g6 6. Be3 a6 7. f3 Nbd7 8. Bc4 b5 9. Bb3 Bb7 10. Qd2 Rc8 11. O-O Nb6 12. Bh6 Nc4 13. Bxc4 Rxc4 14. Bxf8 Kxf8 15. Kh1 Kg7 16. Rfd1 Qb6 17. Nde2 b4 18. Nb1 Rhc8 19. c3 a5 20. a3 Bxe4 21. b3 R4c7 22. fxe4 Nxe4 23. Qd4+ Qxd4 24. Rxd4 Nxc3 25. Nbxc3 bxc3 26. Rc1 c2 27. Rd2 Rb8 28. Rd3 Rc5 29. Nd4 Rbc8 30. a4 e5 31. Nb5 d5 32. Kg1 Rd8 33. Kf2 f5 34. Ke2 Kf6 35. Kd2 Rdc8 36. Rc3 Rxc3 37. Nxc3 d4 38. Ne2 Rb8 39. Kxc2 Rb4 40. Rb1 e4 41. Kd2 Ke5 42. Nc1 f4 43. Rb2 Rb8 44. Rc2 Kd6 45. Rc4 Kd5 46. Rc2 Kd6 47. Rc4 Kd5 48. Kc2 Rb7 49. Kd2 Rf7 50. Ne2 d3 51. Nc3+ Ke5 52. Rxe4+ Kd6 53. Kxd3 f3 54. Nb5+ Kc6 55. Re6+ Kc5 56. Re5+ Kb4 57. gxf3 Rxf3+ 58. Re3 Rf2 59. Re2 Rf3+ 60. Kc2 Rh3 61. Re4+ Kc5 62. Re2 h5 63. Kb2 Kd5 64. Rg2 h4 65. Ka3 Ke4 66. Nd6+ Kf3 67. Rxg6 Rxh2 68. Nf5 h3 69. Nd4+ Kf2 70. Rf6+ Kg1 71. Nf3+ Kh1 72. Nxh2 Kxh2 73. Rf5 1-0

[Event "African Games-chT 2019"]
[Site "Casablanca"]
[Date "2019.08.25"]
[Round "7.16"]
[White "Miladi, Amen"]
[Black "Eshete, Ruth Leykun"]
[Result "1/2-1/2"]
[ECO "C54"]
[WhiteElo "1811"]
[BlackElo "1495"]
[Annotator "NA"]
[PlyCount "89"]
[EventDate "2019.08.24"]
[EventType "team-tourn"]
[EventCountry "MAR"]
[SourceTitle "playchess.com"]
[Source "ChessBase"]
[SourceQuality "1"]
[WhiteTeam "Tunisia"]
[BlackTeam "Ethiopia"]
[WhiteTeamCountry "TUN"]
[BlackTeamCountry "ETH"]
[TimeControl "900+10"]

1. e4 e5 2. Nf3 Nc6 3. Bc4 Bc5 4. c3 Nf6 5. d3 O-O 6. Nbd2 d6 7. Bb3 a6 8. Nf1 Bg4 9. Ng3 h6 10. O-O Na5 11. Bc2 Nc6 12. h3 Bd7 13. Re1 Ne7 14. Nh4 Nh7 15. Qf3 Nc6 16. Nhf5 Ng5 17. Qg4 Qf6 18. h4 Nh7 19. Bxh6 g6 20. Bb3 Kh8 21. Bxf8 Rxf8 22. h5 gxf5 23. Nxf5 Ne7 24. Qh4 Nxf5 25. Qxf6+ Nxf6 26. exf5 Bxf5 27. d4 exd4 28. cxd4 Bxd4 29. Rac1 Bb6 30. Re7 Nxh5 31. Bxf7 Ng7 32. g3 Kh7 33. Kg2 Bg6 34. Rh1+ Bh5 35. Bxh5 Rxf2+ 36. Kh3 Kg8 37. Kg4 Rxb2 38. Bg6 Rb4+ 39. Kg5 Rb5+ 40. Kh6 Nf5+ 41. Bxf5 Rxf5 42. Kg6 Kf8 43. Rd7 Ke8 44. Rhh7 Rf3 45. Kg5 1/2-1/2

[Event "African Games-chT 2019"]
[Site "Casablanca"]
[Date "2019.08.25"]
[Round "7.17"]
[White "Rita, Jeorciley"]
[Black "Chumfwa, Stanley"]
[Result "1/2-1/2"]
[ECO "A48"]
[WhiteElo "1920"]
[BlackElo "2317"]
[Annotator "ChessBase"]
[PlyCount "96"]
[EventDate "2019.08.24"]
[EventType "team-tourn"]
[EventCountry "MAR"]
[SourceTitle "playchess.com"]
[Source "ChessBase"]
[SourceQuality "1"]
[WhiteTeam "STP"]
[BlackTeam "Zambia"]
[BlackTeamCountry "ZAM"]
[TimeControl "900+10"]

1. d4 Nf6 2. Nf3 g6 3. Bg5 Bg7 4. e3 Ne4 5. Bh4 O-O 6. Bd3 d5 7. Nbd2 Bf5 8. h3 c5 9. g4 Nxd2 10. Qxd2 Bxd3 11. Qxd3 Nc6 12. c3 cxd4 13. exd4 Qb6 14. O-O Rac8 15. Rab1 Rfe8 16. Rfe1 Qa5 17. a3 b5 18. Nd2 Qb6 19. Nf3 a5 20. Ne5 Nxe5 21. dxe5 e6 22. Rbc1 Rc4 23. Kg2 Rec8 24. Qe3 Qc6 25. f3 d4 26. Qd3 dxc3 27. Rxc3 Rxc3 28. bxc3 Qxc3 29. Qxb5 Qxa3 30. Re2 Qc5 31. Qxc5 Rxc5 32. f4 Bf8 33. Ra2 Rd5 34. Be1 Bb4 35. Bxb4 axb4 36. Rb2 Rd4 37. Kf3 Kf8 38. g5 Ke7 39. Ke3 Rc4 40. h4 Kd7 41. Rd2+ Kc7 42. Rd4 Rxd4 43. Kxd4 Kc6 44. Kc4 b3 45. Kxb3 Kd5 46. Kc3 Ke4 47. Kc4 Kxf4 48. Kd4 Kf5 1/2-1/2

[Event "African Games-chT 2019"]
[Site "Casablanca"]
[Date "2019.08.25"]
[Round "7.18"]
[White "Kayonde, Andrew"]
[Black "Espirito Santo, Waldyr"]
[Result "1-0"]
[ECO "A45"]
[WhiteElo "2384"]
[BlackElo "1923"]
[Annotator "ChessBase"]
[PlyCount "76"]
[EventDate "2019.08.24"]
[EventType "team-tourn"]
[EventCountry "MAR"]
[SourceTitle "playchess.com"]
[Source "ChessBase"]
[SourceQuality "1"]
[WhiteTeam "Zambia"]
[BlackTeam "STP"]
[WhiteTeamCountry "ZAM"]
[TimeControl "900+10"]

1. d4 Nf6 2. Bg5 e6 3. e4 Be7 4. e5 Nd5 5. Bd2 O-O 6. c4 Nb6 7. Nc3 d5 8. c5 N6d7 9. Nf3 Nc6 10. Bb5 f6 11. exf6 Bxf6 12. Qa4 Ndb8 13. O-O Bd7 14. Rfe1 a6 15. Ne2 e5 16. Bxc6 Bxc6 17. Qb3 Nd7 18. dxe5 Nxe5 19. Nxe5 Bxe5 20. f4 Bf6 21. Bc3 Bxc3 22. Qxc3 Qh4 23. g3 Qg4 24. Nd4 Rae8 25. Nxc6 bxc6 26. Re5 Qd7 27. Rae1 Rxe5 28. Qxe5 d4 29. Qe6+ Qxe6 30. Rxe6 Rd8 31. Kf2 Kf7 32. Rxc6 Re8 33. Rxc7+ Ke6 34. Ke2 Kd5+ 35. Kd2 Kc4 36. b3+ Kd5 37. c6 Kd6 38. Rxg7 Kd5 1-0